 Dungeon Crawl Stone Soup version 0.22.1-2-g9c5b331 (webtiles) character file.

3285 Heatsaber the Skirmisher (level 10, -3/55 HPs)
             Began as a Vine Stalker Skald on Dec 28, 2018.
             Was a High Priest of Zin.
             Slain by a yak (10 damage)
             ... on level 9 of the Dungeon.
             The game lasted 00:40:36 (6168 turns).

Heatsaber the Skirmisher (Vine Stalker Skald)       Turns: 6168, Time: 00:40:37

Health: -3/55      AC:  5    Str: 14    XL:     10   Next: 1%
Magic:  0/20       EV: 12    Int: 18    God:    Zin [*****.]
Gold:   348        SH:  0    Dex: 14    Spells: 13/21 levels left

rFire    . . .     SeeInvis .   j - +0 dagger (elec)
rCold    + . .     Gourm    .   (no shield)
rNeg     . . .     Faith    .   r - +0 leather armour {rC+}
rPois    .         Spirit   +   (no helmet)
rElec    .         Reflect  .   (no cloak)
rCorr    .         Harm     .   (no gloves)
MR       +....                  (no boots)
Stlth    +.........             (no amulet)
HPRegen  0.58/turn              (no ring)
MPRegen  0.17/turn              (no ring)

@: infused, singing
A: fangs 3, talons 1, thin metallic scales 1, clever 1, sense surroundings 1,
regeneration 1, magic shield, antimagic bite, no potion heal 3, rot immunity
a: Recite, Vitalisation, Imprison, Sanctuary, Donate Gold, Renounce Religion


You were on level 9 of the Dungeon.
You worshipped Zin.
Zin was extremely pleased with you.
You were near starving.

You visited 2 branches of the dungeon, and saw 10 of its levels.
You also visited: Ossuary.

You collected 487 gold pieces.
You donated 139 gold pieces to Zin.

Inventory:

Hand Weapons
 j - a +0 dagger of electrocution (weapon)
 t - a +1 long sword of venom
 B - a +2 short sword of venom
 D - the +7 trident "Gete" {venom, rElec rC+}
   (You found it on level 8 of the Dungeon)

   It poisons the flesh of those it strikes.
   It protects you from cold.
   It insulates you from electricity.
Armour
 e - a +2 robe of cold resistance
 h - a +0 plate armour
 m - a +0 leather armour
 r - a +0 leather armour of cold resistance (worn)
Wands
 p - a wand of iceblast (6)
 u - a wand of flame (20)
 v - a wand of digging (12)
Scrolls
 f - 3 scrolls of enchant armour
 g - 5 scrolls of remove curse
 l - 7 scrolls of teleportation
 o - a scroll of blinking
 q - 2 scrolls of magic mapping
 x - a scroll of immolation {unknown}
 y - a scroll of amnesia {unknown}
 C - a scroll of identify
Potions
 a - 3 potions of agility
 b - a potion of mutation
 c - 2 potions of brilliance {unknown}
 i - 4 potions of flight
 k - a potion of haste
 n - 3 potions of resistance
 s - a potion of might
 w - a potion of berserk rage {unknown}
 z - a potion of magic
 A - a potion of curing
Comestibles
 d - 19 rations


   Skills:
 + Level 7.4 Fighting
 + Level 7.3 Short Blades
 - Level 0.7 Armour
 - Level 1.5 Dodging
 - Level 6.0 Spellcasting
 - Level 3.0 Charms
 + Level 5.8 Invocations


You had 13 spell levels left.
You knew the following spells:

 Your Spells              Type           Power        Failure   Level  Hunger
a - Infusion              Chrm           ###.         4%          1    None
b - Song of Slaying       Chrm           ###.....     7%          2    None
c - Shroud of Golubria    Chrm/Tloc      ##........   12%         2    None
d - Regeneration          Chrm/Necr      ##........   24%         3    ##.....

Your spell library contained the following spells:

 Spells                   Type           Power        Failure   Level  Hunger
 Spectral Weapon          Hex/Chrm       ##......     24%         3    ##.....


Dungeon Overview and Level Annotations

Branches:
Dungeon (9/15)             Temple (1/1) D:7
   Lair: D:8-11         Orc: D:9-12

Altars:
Ashenzari
Cheibriados
Dithmenos
Elyvilon
Fedhas
Gozag
Hepliaklqana
Kikubaaqudgha
Makhleb
Nemelex Xobeh
Okawaru
Qazlal
Ru
Sif Muna
Trog
Uskayaw
Vehumet
Wu Jian
Xom
Yredelemnul
Zin
The Shining One

Shops:
D:5 =   D:6 }   D:7 [


Innate Abilities, Weirdness & Mutations

You have razor-sharp teeth.
Your natural rate of healing is unusually fast.
When hurt, damage is shared between your health and your magic reserves.
Your bite disrupts and absorbs the magic of your enemies.
Potions cannot restore your health.
You are immune to rotting.
You have sharp toenails.
You are partially covered in thin metallic scales. (AC +2)
Your mind is acute. (Int +2)
You passively map a small area around you.


Message History

The yak barely misses you.
Unknown command.
Unknown command.
Okay, then.
You hit the centaur.
You kill the centaur!
Your life force feels restored.
You have reached level 10!
Unknown command.
You closely miss the iguana. You claw the iguana. Your bite misses the iguana.
The iguana is moderately wounded.
The yak gores you.
* * * LOW HITPOINT WARNING * * *
The iguana closely misses you.
Unknown command.
Unknown command.
You hit the yak.
The yak is moderately wounded.
The yak gores you!
You die...

.###....#...# ,,
*......#..[#. , *
.#......#...##. , *
#.#...h...$#.}.#*
#.#.....W....##$
#.#..#..Tl.....# , *
#.#..###Wo....#
*..########.#...#lHae###..
, ...........#...@Ys### ,
, .......<...#...(### , ,
##########.#..### * * *
#..### ,* * #......#
########


You could see a hippogriff, a deep elf mage, a yak, a troll, a soldier ant, a
wraith, a scorpion, 2 iguanas and an orc (paralysed).

Vanquished Creatures
  Psyche (D:8)
  A hornet (D:7)
  2 water moccasins
  2 orc warriors (D:8)
  An ice beast (D:7)
  An eye of draining (D:9)
  A sky beast (D:3)
  A necrophage (D:8)
  3 phantoms
  2 ogres
  2 centaurs
  A bullfrog (D:9)
  A scorpion (D:8)
  4 wights (D:8)
  2 crimson imps
  A jelly (D:3)
  2 hounds
  4 orc priests
  2 bullfrog skeletons
  A centaur skeleton (D:5)
  5 orc wizards
  An iguana (D:9)
  7 worker ants
  A killer bee zombie (D:8)
  7 big kobold zombies (Ossuary)
  A hound skeleton (D:8)
  A mummy (Ossuary)
  3 gnolls (D:3)
  11 adders
  2 shadow imps
  An ooze (D:1)
  A worm (D:2)
  6 leopard geckos
  20 orcs
  4 spectral bats (Ossuary)
  A ball python (D:5)
  8 bats
  2 giant cockroaches
  4 gnoll zombies (Ossuary)
  6 hobgoblins
  9 jackals
  5 kobolds
  3 quokkas
  3 bat simulacra (Ossuary)
  A frilled lizard (D:5)
  A giant cockroach zombie (D:5)
  9 goblins
  7 goblin simulacra (Ossuary)
  4 goblin zombies (Ossuary)
  7 hobgoblin zombies (Ossuary)
  A jackal skeleton (D:4)
  4 kobold simulacra (Ossuary)
  3 kobold zombies (Ossuary)
  2 leopard gecko skeletons
  A leopard gecko zombie (D:8)
  4 orc zombies (Ossuary)
  4 rats
  A rat simulacrum (Ossuary)
  4 spectral goblins (Ossuary)
  4 spectral kobolds (Ossuary)
  A spectral rat (Ossuary)
205 creatures vanquished.

Notes
Turn   | Place    | Note
-------+----------+-------------------------------------------
     0 | D:1      | Heatsaber the Vine Stalker Skald began the quest for the
                  | Orb.
     0 | D:1      | Reached XP level 1. HP: 11/11 MP: 4/4
   394 | D:1      | Reached XP level 2. HP: 10/15 MP: 0/6
   674 | D:1      | Reached XP level 3. HP: 13/18 MP: 4/8
  1340 | D:2      | Learned a level 2 spell: Song of Slaying
  1343 | D:2      | Learned a level 2 spell: Shroud of Golubria
  1347 | D:2      | Learned a level 3 spell: Regeneration
  1446 | D:2      | Gained mutation: Your natural rate of healing is unusually
                  | fast. [Vine Stalker growth]
  1446 | D:2      | Reached XP level 4. HP: 3/23 MP: 1/9
  1447 | D:2      | Gained mutation: You are partially covered in thin metallic
                  | scales. (AC +2) [potion of mutation]
  1447 | D:2      | Gained mutation: You have sharp toenails. [potion of
                  | mutation]
  1447 | D:2      | Gained mutation: You passively map a small area around you.
                  | [potion of mutation]
  1447 | D:2      | Gained mutation: Your mind is acute. (Int +2) [potion of
                  | mutation]
  1453 | D:2      | HP: 1/23 [poisoned by an adder]
  1770 | D:3      | Noticed a sky beast
  1779 | D:3      | Killed a sky beast
  1779 | D:3      | Reached XP level 5. HP: 28/28 MP: 11/11
  1815 | D:3      | Reached XP level 6. HP: 19/32 MP: 0/12
  1990 | D:3      | Found a blossoming altar of Fedhas.
  1997 | D:3      | Found a snail-covered altar of Cheibriados.
  2007 | D:3      | Found a glowing silver altar of Zin.
  2034 | D:3      | Became a worshipper of Zin the Law-Giver
  2034 | D:3      | Reached * piety under Zin
  2035 | D:3      | Donated 91 gold pieces to Zin
  2338 | D:4      | Noticed a phantom
  2381 | D:4      | Killed a phantom
  2381 | D:4      | Reached XP level 7. HP: 18/37 MP: 4/14
  2409 | D:4      | Reached ** piety under Zin
  2587 | D:4      | Found a sand-covered staircase.
  2613 | Ossuary  | Entered an ossuary
  2680 | Ossuary  | Reached skill level 5 in Spellcasting
  2873 | Ossuary  | Reached *** piety under Zin
  3056 | D:4      | Gained mutation: You have razor-sharp teeth. [Vine Stalker
                  | growth]
  3056 | D:4      | Reached XP level 8. HP: 42/42 MP: 12/17
  3255 | D:5      | Entered Level 5 of the Dungeon
  3295 | D:5      | Reached skill level 5 in Fighting
  3527 | D:5      | Reached skill level 5 in Short Blades
  3726 | D:5      | Reached skill level 1 in Invocations
  3801 | D:5      | Found Ettapran's Jewellery Boutique.
  3955 | D:5      | Found a hazy altar of Hepliaklqana.
  3986 | D:5      | Reached **** piety under Zin
  4197 | D:6      | HP: 2/44 [orc/short sword (2)]
  4322 | D:6      | Found Essuqeih's Gadget Shoppe.
  4573 | D:7      | Found Voastou's Antique Armour Shoppe.
  4625 | D:7      | Found a staircase to the Ecumenical Temple.
  4649 | Temple   | Entered the Ecumenical Temple
  4891 | D:7      | Noticed a hornet
  4915 | D:7      | Killed a hornet
  4972 | D:7      | Reached XP level 9. HP: 12/48 MP: 8/19
  5514 | D:7      | Reached ***** piety under Zin
  5681 | D:8      | Noticed Psyche
  5707 | D:8      | HP: 1/49 [killer bee zombie (2)]
  5766 | D:8      | Killed Psyche
  5873 | D:8      | Got a bloodstained trident
  5874 | D:8      | Identified the +7 trident "Gete" {venom, rElec rC+} (You
                  | found it on level 8 of the Dungeon)
  5917 | D:8      | Reached skill level 5 in Invocations
  6155 | D:9      | Noticed a troll
  6162 | D:9      | Noticed a deep elf mage
  6166 | D:9      | Reached XP level 10. HP: 7/55 MP: 2/20
  6168 | D:9      | Slain by a yak

Skill      XL: |  1  2  3  4  5  6  7  8  9 |
---------------+----------------------------+-----
Fighting       | 2 3 4 6 7 |  7.4
Short Blades   | 2 3 4 6 7 |  7.3
Spellcasting   | 3 4 5 6 |  6.0
Invocations    | 3 5 |  5.8
Armour         | |  0.7
Dodging        | |  1.5
Charms         | |  3.0

Action                   |  1- 3 |  4- 6 |  7- 9 | 10-12 || total
-------------------------+-------+-------+-------+-------++-------
Melee: Short sword       |    48 |       |       |       ||    48
       Bite              |    16 |    23 |    92 |       ||   131
       Dagger            |    50 |   101 |   376 |     2 ||   529
       Kick              |       |    17 |    92 |     1 ||   110
       Long sword        |       |       |     8 |       ||     8
 Cast: Infusion          |    18 |    15 |    16 |       ||    49
       Song of Slaying   |       |     2 |    10 |       ||    12
       Shroud of Golubri |       |     1 |     2 |       ||     3
Invok: Donate Gold       |       |     1 |       |       ||     1
       Recite            |       |       |    10 |       ||    10
       Vitalisation      |       |       |     3 |       ||     3
Evoke: Wand              |       |       |     2 |       ||     2
  Use: Scroll            |     3 |    11 |    12 |       ||    26
       Potion            |       |     1 |     2 |       ||     3
 Stab: Sleeping          |       |     1 |       |       ||     1
  Eat: Chunk             |     2 |     3 |     4 |       ||     9
       Ration            |       |       |     2 |       ||     2
Armor: Leather armour    |    22 |    29 |    42 |       ||    93
       Robe              |       |    13 |    40 |       ||    53
Dodge: Dodged            |    69 |    57 |   184 |     1 ||   311
       Rpst.: Long sword |       |       |     2 |       ||     2
